 Dungeon Crawl Stone Soup version 0.24.0-13-gcf9b319 (webtiles) character file.

Game seed: 16937111357608593300, levelgen mode: deterministic

20 Bronimir the Charmwright (level 2, 0/23 HPs)
             Began as a Barachi Skald on Mar 26, 2020.
             Succumbed to a kobold's poison
             ... on level 1 of the Dungeon.
             The game lasted 00:01:36 (510 turns).

Bronimir the Charmwright (Barachi Skald)             Turns: 510, Time: 00:01:37

Health: 0/23       AC:  3    Str: 12    XL:     2   Next: 79%
Magic:  0/5        EV: 12    Int: 13    God:
Gold:   0          SH:  0    Dex: 11    Spells: 0/5 levels left

rFire    + . .     SeeInvis .   a - +0 falchion
rCold    + . .     Gourm    .   (no shield)
rNeg     . . .     Faith    .   b - +0 leather armour
rPois    +         Spirit   .   (no helmet)
rElec    +         Reflect  .   (no cloak)
rCorr    +         Harm     .   (no gloves)
MR       .....                  (no boots)
Stlth    +.........             (no amulet)
HPRegen  0.07/turn              (no ring)
MPRegen  0.09/turn              (no ring)

@: lethally poisoned (0 -> -13), resistant, infused, slow
A: +LOS, swims, slowness 1, strong legs 1
a: Hop


You were on level 1 of the Dungeon.
You were not hungry.

You visited 1 branch of the dungeon, and saw 1 of its levels.

Inventory:

Hand Weapons
 a - a +0 falchion (weapon)
Missiles
 e - 39 stones (quivered)
 g - 15 arrows
Armour
 b - a +0 leather armour (worn)
Scrolls
 c - a scroll of teleportation {unknown}
Comestibles
 d - 2 rations
 f - 9 chunks of flesh


   Skills:
 + Level 2.5 Fighting
 * Level 2.6 Long Blades
 * Level 1.7 Armour
 + Level 2.2 Dodging
 + Level 2.3 Spellcasting
 * Level 3.8 Charms


You couldn't memorise any spells.
You knew the following spells:

 Your Spells              Type           Power        Failure   Level  Hunger
a - Infusion              Chrm           ##..         6%          1    #......
b - Song of Slaying       Chrm           ##......     10%         2    ###....
c - Shroud of Golubria    Chrm/Tloc      #.....       22%         2    ###....

Your spell library contained the following spells:

 Spells                   Type           Power        Failure   Level  Hunger
 Regeneration             Chrm/Necr      #.........   38%         3    ###....
 Spectral Weapon          Hex/Chrm       #.......     38%         3    ###....


Dungeon Overview and Level Annotations

Branches:
Dungeon (1/15)

Altars:


Innate Abilities, Weirdness & Mutations

Shadows flee at your approach. (+LOS)
You can swim through water.
You cover ground slowly.
You can hop short distances.


Message History

You kill the kobold!
* * * LOW HITPOINT WARNING * * *
You feel sick. The kobold hits you.
* * * LOW HITPOINT WARNING * * *
Casting: Infusion (safe; 6% risk of failure)
Confirm with . or Enter, or press ? or * to list all spells.
You don't have enough magic to cast that spell.
You hit the kobold but do no damage.
* * * LOW HITPOINT WARNING * * *
You feel sick. The kobold hits you.
* * * LOW HITPOINT WARNING * * *
It was a potion of resistance.
You feel protected.
* * * LOW HITPOINT WARNING * * *
You feel sick. The kobold barely misses you.
You riposte.
You hit the kobold.
You kill the kobold!
* * * LOW HITPOINT WARNING * * *
You feel sick.
You see here a kobold corpse.
You die...

######## ###### ########
##.....####....# ........
....÷..........# ........
....†..........# ........
..............# ........
..............###........
.........................
................@........
.#.....##'#...)†..#......
.......##.#...(#### ....
....#>....+(......'......
....#.###+#(....###....
....... .......# . ......
.........#
................#
................#


There were no monsters in sight!

Vanquished Creatures
  2 dart slugs (D:1)
  A leopard gecko (D:1)
  3 goblins (D:1)
  A hobgoblin (D:1)
  3 kobolds (D:1)
  A frilled lizard (D:1)
  3 rats (D:1)
14 creatures vanquished.

Notes
Turn   | Place    | Note
-------+----------+-------------------------------------------
     0 | D:1      | Bronimir the Barachi Skald began the quest for the Orb.
     0 | D:1      | Reached XP level 1. HP: 17/17 MP: 3/3
    33 | D:1      | Reached XP level 2. HP: 3/23 MP: 0/5
   457 | D:1      | Learned a level 2 spell: Song of Slaying
   460 | D:1      | Learned a level 2 spell: Shroud of Golubria
   509 | D:1      | HP: 1/23 [poisoned by a kobold]
   510 | D:1      | Succumbed to a kobold's poison

Levels and vault maps discovered:
D:1:      sevenhm_arrival_forest_fort_small_4, layout_basic, minmay_door_square

Action                   || total
-------------------------++-------
Melee: Falchion          ||    50
 Cast: Infusion          ||     5
 Abil: Hop               ||     1
  Use: Potion            ||     2
Armor: Leather armour    ||    13
Dodge: Dodged            ||    44
       Rpst.: Falchion   ||    11
